 Dungeon Crawl Stone Soup version 0.18-a0-1203-gbde16db (webtiles) character file.

8414 George the Carver (level 11, -1/94 (95) HPs)
             Began as a Minotaur Fighter on Feb 1, 2016.
             Was a Priest of the Shining One.
             Killed by divine providence
             ... invoked by an orc priest
              (11 damage)
             ... on level 11 of the Dungeon.
             The game lasted 00:16:17 (9006 turns).

George the Carver (Minotaur Fighter)                Turns: 9006, Time: 00:16:17

HP:   -1/94 (95)    AC: 14    Str: 23    XL:     11   Next: 9%
MP:   0/14          EV:  7    Int:  5    God:    the Shining One [***...]
Gold: 235           SH: 11    Dex: 11    Spells: 0 memorised, 10 levels left

rFire  . . .     SeeInvis .     a - +0 long sword
rCold  . . .     Gourm    .     K - +2 chain mail {rPois}
rNeg   + . .     Faith    .     c - +0 shield
rPois  +         Spirit   +     (helmet restricted)
rElec  .         Dismiss  .     x - +0 cloak
rCorr  .         Reflect  .     (no gloves)
SustAt .         Harm     .     (no boots)
MR     .....                    N - amulet of guardian spirit
Stlth  ..........               (no ring)
                                J - ring of flight

@: glowing, not resistant to hostile enchantments, extremely unstealthy
A: retaliatory headbutt, horns 2
a: Divine Shield, Renounce Religion, Evoke Flight


You were on level 11 of the Dungeon.
You worshipped the Shining One.
The Shining One was most pleased with you.
You were hungry.

You visited 2 branches of the dungeon, and saw 12 of its levels.

You collected 490 gold pieces.
You spent 255 gold pieces at shops.

Inventory:

Hand Weapons
 a - a +0 long sword (weapon)
Armour
 c - a +0 shield (worn)
 x - a +0 cloak (worn)
 K - a +2 chain mail of poison resistance (worn)
Jewellery
 J - a ring of flight (left hand)
 N - an amulet of guardian spirit (around neck)
Wands
 o - a wand of confusion (16/48)
 A - a wand of slowing (27/48)
 H - a wand of flame (21/48)
 U - a wand of enslavement (13/24)
 X - a wand of flame (14/48)
Scrolls
 h - 4 scrolls of remove curse
 i - a scroll of random uselessness {unknown}
 j - a scroll of amnesia {unknown}
 l - 5 scrolls of enchant armour {unknown}
 p - 7 scrolls of fog {unknown}
 y - 3 scrolls of recharging {unknown}
 E - 2 scrolls of blinking {unknown}
 L - a scroll of fear {unknown}
 P - a scroll of noise {unknown}
 R - 3 scrolls of teleportation {unknown}
 T - a scroll of magic mapping {unknown}
 V - 2 scrolls of holy word {unknown}
 Z - a scroll of summoning {unknown}
Potions
 d - 2 potions of might
 g - 4 potions of heal wounds
 m - 3 potions of haste
 r - 2 potions of curing
 s - a potion of cancellation
 w - 2 potions of flight
 I - a potion of resistance
 S - 2 potions of lignification {unknown}
Miscellaneous
 W - a lamp of fire
Comestibles
 f - 9 bread rations
 u - 9 slices of pizza
 B - 5 meat rations
 D - 10 fruits
 Y - 2 beef jerkies


   Skills:
 + Level 8.3 Fighting
 + Level 14.0 Long Blades
 + Level 8.3 Armour
 + Level 1.5 Dodging
 + Level 7.8 Shields
 + Level 5.9 Invocations


You had 10 spell levels left.
You didn't know any spells.

Dungeon Overview and Level Annotations

Branches:
Dungeon (11/15)            Temple (1/1) D:6             Orc (0/2) D:10
   Lair: D:8-11

Altars:
Ashenzari
Cheibriados
Dithmenos
Elyvilon
Fedhas
Gozag
Kikubaaqudgha
Makhleb
Nemelex Xobeh
Okawaru
Pakellas
Qazlal
Ru
Sif Muna
Trog
Vehumet
Xom
Yredelemnul
Zin
The Shining One
Beogh

Shops:
D:7 (


Innate Abilities, Weirdness & Mutations

You reflexively headbutt those who attack you in melee.
You have a pair of horns on your head.


Message History

Something smites you!
The orc priest invokes the aid of Beogh against you.
Something smites you!
* * * LOW HITPOINT WARNING * * *
A rat comes into view.
The bat hits you but does no damage. You block the bat's attack.
The orc priest invokes the aid of Beogh against you.
Something smites you!
* * * LOW HITPOINT WARNING * * *
You block the bat's attack.
The orc priest mumbles some strange prayers to Beogh against you.
Something smites you!
* * * LOW HITPOINT WARNING * * *
You block the bat's attack.
A rat comes into view.
You block the bat's attack.
The orc priest calls down the wrath of Beogh upon you.
Something smites you!
You die...

#.........####. #.#
##ol##.. #..............
#.###r....>.
#..........####
#.##r.####.. #.........##
#...o## # #....<....#
####.o### #.........#
###..o..##### #######.###
#............. #.......#
###r.or.........
#.......###.@b...C........
#...........#.....r......P
#........####............P
#........# #.............
#.......## #............P
#.......# ##.....r.....
#.......# ##.......
#...(...# ###### #.......#


You could see a hill giant, an orc warrior, an orc priest, an orc wizard, a
river rat, a bat and 3 rats.

Vanquished Creatures
  The ghost of Feta the Cleaver, a journeyman HOFi of Beogh (D:10)
  3 hill giants (D:10)
  A manticore (D:11)
  A troll (D:10)
  A two-headed ogre (D:8)
  A human (D:9)
  Grum (D:9)
  2 wolves (D:9)
  A water moccasin (D:7)
  4 ice beasts
  6 orc warriors
  2 sky beasts (D:10)
  An ogre (D:8)
  A black bear (D:8)
  A necrophage (D:10)
  3 phantoms
  3 centaurs
  A crocodile (D:10)
  7 giant frogs
  A wyvern zombie (D:7)
  A water moccasin zombie (D:6)
  2 scorpions
  3 water moccasin skeletons
  6 killer bees (D:8)
  3 wights (D:8)
  A giant frog zombie (D:8)
  4 crimson imps
  A quasit (D:8)
  7 hounds
  3 jellies
  6 orc priests
  A centaur skeleton (D:7)
  2 giant frog skeletons
  9 orc wizards
  4 iguanas
  Natasha (thrice) (D:4)
  9 worker ants
  4 sheep (D:9)
  2 hound skeletons
  2 worker ant zombies
  A gnoll (D:3)
  6 adders
  2 shadow imps
  An adder zombie (D:5)
  2 adder skeletons (D:8)
  2 worms
  5 giant geckos
  50 orcs
  A ball python (D:1)
  3 giant cockroaches
  10 goblins
  6 hobgoblins
  3 jackals (D:2)
  5 kobolds
  5 quokkas
  5 bats
  4 giant newts
  2 quokka zombies
  4 rats
232 creatures vanquished.

Notes
Turn   | Place    | Note
--------------------------------------------------------------
     0 | D:1      | George the Minotaur Fighter began the quest for the Orb.
     0 | D:1      | Reached XP level 1. HP: 19/19 MP: 0/0
   251 | D:1      | Reached XP level 2. HP: 12/26 MP: 1/1
  1103 | D:2      | Reached skill level 4 in Long Blades
  1103 | D:2      | Reached XP level 3. HP: 23/31 MP: 2/2
  1403 | D:2      | Found a faded altar to an unknown god.
  1683 | D:3      | Found a basalt altar of Yredelemnul.
  1835 | D:3      | Found a sacrificial altar of Ru.
  1971 | D:3      | Found a snail-covered altar of Cheibriados.
  1998 | D:3      | Reached skill level 5 in Long Blades
  2071 | D:3      | Reached XP level 4. HP: 32/39 MP: 3/3
  2097 | D:4      | Noticed Natasha
  2105 | D:4      | Killed Natasha
  2136 | D:4      | Reached skill level 6 in Long Blades
  2136 | D:4      | Reached XP level 5. HP: 42/45 MP: 4/4
  2156 | D:4      | Reached skill level 7 in Long Blades
  2230 | D:4      | Noticed Natasha
  2244 | D:4      | Killed Natasha
  2244 | D:4      | Reached XP level 6. HP: 31/51 MP: 5/5
  2402 | D:4      | Noticed Natasha
  2407 | D:4      | Killed Natasha
  2417 | D:4      | Reached skill level 8 in Long Blades
  2682 | D:5      | Entered Level 5 of the Dungeon
  2691 | D:5      | Reached skill level 9 in Long Blades
  2842 | D:5      | Found a radiant altar of Vehumet.
  2845 | D:5      | Reached XP level 7. HP: 50/57 MP: 6/6
  3294 | D:5      | Reached skill level 10 in Long Blades
  3773 | D:6      | Reached skill level 11 in Long Blades
  3889 | D:6      | Found a blossoming altar of Fedhas.
  3907 | D:6      | Reached XP level 8. HP: 56/64 MP: 7/7
  3976 | D:6      | Found a staircase to the Ecumenical Temple.
  4123 | D:6      | Reached skill level 12 in Long Blades
  4310 | Temple   | Entered the Ecumenical Temple
  4321 | Temple   | Became a worshipper of the Shining One
  4458 | D:6      | Reached skill level 1 in Invocations
  4882 | D:7      | Reached XP level 9. HP: 70/72 MP: 9/9
  4998 | D:7      | Reached * piety under the Shining One
  5181 | D:7      | Reached skill level 5 in Fighting
  5229 | D:7      | Reached skill level 5 in Armour
  5392 | D:7      | Found Huilat's Antique Weapon Boutique.
  5406 | D:7      | Reached skill level 5 in Shields
  5427 | D:7      | Bought a shimmering long sword for 255 gold pieces
  5427 | D:7      | Identified the +5 long sword "Arbiter" {drain, rN+ MR++ Dex+3 Stlth-} (You bought it in a shop on level 7 of the Dungeon)
  5537 | D:8      | Found a burning altar of Makhleb.
  5634 | D:8      | Reached skill level 13 in Long Blades
  5830 | D:8      | Reached ** piety under the Shining One
  6303 | D:8      | Reached XP level 10. HP: 82/84 MP: 12/12
  6812 | D:10     | Entered Level 10 of the Dungeon
  6854 | D:10     | Noticed a hill giant
  6859 | D:10     | Killed a hill giant
  6863 | D:10     | Noticed a hill giant
  6877 | D:10     | Killed a hill giant
  6877 | D:10     | Reached skill level 5 in Invocations
  7141 | D:10     | Noticed Grum
  7427 | D:9      | Killed Grum
  7575 | D:10     | Reached *** piety under the Shining One
  7688 | D:10     | Found a roughly hewn altar of Beogh.
  7688 | D:10     | Found a staircase to the Orcish Mines.
  7914 | D:10     | Noticed a hill giant
  7927 | D:10     | Killed a hill giant
  8093 | D:10     | Noticed Feta's ghost (journeyman HOFi)
  8155 | D:10     | Killed Feta's ghost
  8155 | D:10     | Reached skill level 14 in Long Blades
  8155 | D:10     | Reached XP level 11. HP: 51/93 MP: 9/14
  8164 | D:10     | Reached skill level 1 in Dodging
  8999 | D:11     | Noticed a hill giant
  9006 | D:11     | Killed from afar by an orc priest

Vault maps used:
D:1:      sevenhm_arrival_forest_fort_large_4
D:2:      ecumenical_altar_1, hangedman_abyss_or_decor_lesser_grid,
          corexii_item_surrounded_by_moat
D:3:      cheibriados_altar_wand_db, nicolae_ru_awakened_eye,
          overflow_temple_1_default
D:4:      first_bread, uniq_natasha
D:5:      vehumet_altar_wand_db
D:6:      minmay_temple_entry_statues_fountains, fedhas_altar_3
D:7:      serial_shops, nicolae_shop_stone
D:8:      bloody_makhleb
D:9:      grunt_livestock
D:10:     david_orc_5, uniq_grum
D:11:     grunt_lair_entry_orc_guard_hut
Temple:   lightli_temple_of_artemis

Action                   |  1- 3 |  4- 6 |  7- 9 | 10-12 || total
-------------------------+-------+-------+-------+-------++-------
Melee: Long sword        |   105 |    98 |   397 |   245 ||   845
Invok: Divine Shield     |       |       |       |     1 ||     1
  Use: Scroll            |       |       |     1 |     9 ||    10
  Eat: Chunk             |     4 |     2 |    11 |     9 ||    26
